 Dungeon Crawl Stone Soup version 0.26-a0-215-g1b87330c0f (webtiles) character file.

Game seed: 13804752499489763665

147 BritishOli the Ducker (level 5, 0/41 HPs)
             Began as a Demonspawn Gladiator on July 6, 2020.
             Succumbed to an adder's poison
             ... on level 3 of the Dungeon.
             The game lasted 00:01:55 (2413 turns).

BritishOli the Ducker (Demonspawn Gladiator)        Turns: 2413, Time: 00:01:55

Health: 0/41       AC: 10    Str: 15    XL:     5   Next: 7%
Magic:  1/5        EV: 12    Int: 10    God:
Gold:   64         SH:  0    Dex: 14    Spells: 4/4 levels left

rFire    . . .     SeeInvis .   a - +0 long sword
rCold    . . .     Faith    .   (no shield)
rNeg     . . .     Spirit   +   k - +0 ring mail
rPois    .         Reflect  .   c - +0 helmet
rElec    .         Harm     .   (no cloak)
rCorr    .                      l - +0 pair of gloves
MR       .....                  (no boots)
Stlth    +.........             (no amulet)
HPRegen  0.13/turn              (no ring)
MPRegen  0.09/turn              (no ring)

@: lethally poisoned (0 -> -3), slowed, very slow
A: yellow scales 2, magic shield
a: no special abilities


You were on level 3 of the Dungeon.
You were not hungry.

You visited 1 branch of the dungeon, and saw 3 of its levels.

You collected 64 gold pieces.

Inventory:

Hand Weapons
 a - a +0 long sword (weapon)
Missiles
 d - 3 throwing nets (quivered)
Armour
 b - a +0 leather armour
 c - a +0 helmet (worn)
 k - a +0 ring mail (worn)
 l - a +0 pair of gloves (worn)
Scrolls
 h - a scroll of fog {unknown}
 i - 2 scrolls of enchant weapon {unknown}
 m - a scroll of noise {unknown}
 o - a scroll of remove curse {unknown}
Potions
 e - a potion of flight {unknown}
 g - 2 potions of lignification {unknown}
 j - a potion of curing {unknown}
 n - 4 potions of heal wounds {unknown}
Comestibles
 f - 5 rations


   Skills:
 + Level 3.1 Fighting
 + Level 3.4 Long Blades
 + Level 2.7 Throwing
 + Level 3.5 Dodging


You had 4 spell levels left.
You didn't know any spells.
Your spell library was empty.

Dungeon Overview and Level Annotations

Branches:
Dungeon (3/15)

Altars:


Innate Abilities, Weirdness & Mutations

You are mostly covered in yellow scales. (AC +3)
When hurt, damage is shared between your health and your magic reserves.


Message History

You feel yourself slow down.
You hit the orc wizard.
You kill the orc wizard!
You have reached level 5!
Items here: )) [[ † a +0 dagger; a +0 robe; a +0 dagger; a +0 robe; an orc corpse An adder comes into view.
The adder hisses angrily.
The adder closely misses you. The adder barely misses you.
You riposte.
You miss the adder. The adder barely misses you. The adder bites you.
* * * LOW HITPOINT WARNING * * *
The adder bites you.
* * * LOW HITPOINT WARNING * * *
You are lethally poisoned!
The adder poisons you!
* * * LOW HITPOINT WARNING * * *
You feel sick. The adder completely misses you.
You die...

...#.##### .......
...#.....####.........
#...........#.........
#.........!...........
#.....................
#.....................
#.....................
#<.)..................
#......@.S......[.(...
######'###)#..........
#.....# #)#..........
#.##### #.#..........
#†#..........
.............
....########## .....#
......#


You could see an adder.

Vanquished Creatures
  2 orc wizards (D:3)
  Robin (D:2)
  An adder (D:2)
  An ooze (D:2)
  2 dart slugs (D:1)
  2 orcs (D:3)
  A ball python (D:2)
  6 bats
  2 giant cockroaches (D:2)
  15 goblins
  13 hobgoblins
  2 jackals (D:2)
  3 kobolds
  A quokka (D:3)
  A frilled lizard (D:1)
  10 rats
63 creatures vanquished.

Notes
Turn   | Place    | Note
-------+----------+-------------------------------------------
     0 | D:1      | BritishOli the Demonspawn Gladiator began the quest for the
                  | Orb.
     0 | D:1      | Reached XP level 1. HP: 16/16 MP: 1/1
   161 | D:1      | Gained mutation: You are partially covered in yellow
                  | scales. (AC +2) [demonic ancestry]
   161 | D:1      | Reached XP level 2. HP: 4/22 MP: 2/2
  1223 | D:2      | Gained mutation: When hurt, damage is shared between your
                  | health and your magic reserves. [demonic ancestry]
  1223 | D:2      | Reached XP level 3. HP: 25/28 MP: 3/3
  1561 | D:2      | Noticed Robin
  1870 | D:2      | Killed Robin
  1870 | D:2      | Gained mutation: You are mostly covered in yellow scales.
                  | (AC +3) [demonic ancestry]
  1870 | D:2      | Reached XP level 4. HP: 21/34 MP: 1/4
  2395 | D:3      | HP: 1/34 [something/magic dart (9)]
  2401 | D:3      | Reached XP level 5. HP: 2/41 MP: 0/5
  2411 | D:3      | HP: 2/41 [adder (1)]
  2413 | D:3      | Succumbed to an adder's poison

Illustrated notes

Levels and vault maps discovered:
D:1:      lightli_iron_boxes, layout_basic
D:2:      layout_basic, minmay_quantized, uniq_robin
D:3:      layout_basic, first_ration

Skill      XL: |  1  2  3  4 |
---------------+-------------+-----
Throwing       | 2 |  2.7
Dodging        | 3 |  3.5
Long Blades    | 3 |  3.4
Fighting       | 3 |  3.1

Action                   |  1- 3 |  4- 6 || total
-------------------------+-------+-------++-------
Melee: Long sword        |   119 |    66 ||   185
  Eat: Ration            |     1 |     1 ||     2
Armor: Leather armour    |    12 |       ||    12
       Ring mail         |    56 |    34 ||    90
Dodge: Dodged            |    94 |    53 ||   147
       Rpst.: Long sword |    25 |    21 ||    46

Table legend:
 A = Non-vault XP
 B = Vault XP
 C = Vault XP percentage of total XP
 D = Non-vault monster count
 E = Vault monster count
 F = Vault count percentage of total count
                 A         B        C        D         E       F
            +---------+---------+-------+---------+---------+-------
      Total |     156 |      54 |  25.7 |      45 |      18 |  28.6
            +---------+---------+-------+---------+---------+-------
        D:1 |      31 |       0 |   0.0 |      17 |       0 |   0.0
        D:2 |      42 |      54 |  56.2 |      19 |      18 |  48.6
        D:3 |      83 |       0 |   0.0 |       9 |       0 |   0.0
            +---------+---------+-------+---------+---------+-------
